Map: Frost LE

Players

ShimOon

  • Race: Terran Terran
  • League: Master

SortOf - Winner!

  • Race: Zerg Zerg
  • League: Master

VOD

Have the link to the VOD?

Description

Time

  • Played on: Oct. 26, 2016, 5:13 a.m.
  • Length: 11:03
Show
View Real Time Build Order
Export as new Build Order

ShimOon Terran 

Build Orders: Command Center First (CC) 

Get SALT Encoding   

  12  0:01  SCV  
  13  0:13  SCV  
  14  0:19  Supply Depot  
  14  0:26  SCV  
  15  0:41  SCV  
  16  0:53  SCV  
  17  1:01  Command Center, Unknown  
  17  1:05  SCV  
  18  1:15  Barracks  
  18  1:17  SCV  
  19  1:23  Refinery  
  19  1:29  SCV  
  20  1:42  SCV  
  21  1:54  SCV  
  22  2:02  Marine  
  22  2:06  Orbital Command  
  22  2:07  Bunker  
  23  2:13  Unknown  
  23  2:14  Orbital Command  
  23  2:20  Marine  
  24  2:23  Factory  
  24  2:33  SCV  
  25  2:40  SCV  
  26  2:45  SCV  
  26  2:46  Barracks Reactor  
  27  2:54  SCV  
  27  2:55  Command Center, Unknown  
  28  2:59  SCV  
  28  3:03  Supply Depot  
  28  3:05  Refinery  
  29  3:06  SCV  
  29  3:10  Supply Depot  
  30  3:14  Supply Depot  
  30  3:16  SCV  
  30  3:18  SCV  
  32  3:25  Starport  
  32  3:28  SCV  
  32  3:32  SCV  
  34  3:37  Hellion x2  
  34  3:38  Barracks Tech Lab  
  34  3:40  SCV  
  39  3:44  SCV  
  40  3:53  SCV  
  41  3:56  SCV  
  41  3:58  Hellion x2  
  46  4:05  SCV  
  46  4:07  Unknown  
  46  4:09  Orbital Command  
  47  4:11  SCV, Refinery  
  47  4:12  Refinery  
  47  4:13  Cloaking Field  
  47  4:14  Banshee  
  51  4:17  SCV  
  51  4:23  SCV  
  53  4:28  Armory  
  53  4:29  SCV, Engineering Bay  
  54  4:35  SCV  
  55  4:41  SCV  
  56  4:47  SCV  
  56  4:48  Supply Depot x2, Orbital Command  
  56  4:52  Factory  
  57  4:53  SCV  
  57  4:54  Factory  
  57  4:58  Banshee  
  57  4:59  SCV  
  62  5:05  SCV  
  63  5:11  SCV  
  63  5:12  Supply Depot x2  
  63  5:13  SCV  
  65  5:17  SCV  
  66  5:23  Factory x2  
  66  5:24  SCV  
  66  5:25  SCV  
  66  5:26  Refinery  
  68  5:29  Refinery  
  68  5:32  SCV  
  69  5:36  SCV  
  69  5:37  Factory Tech Lab x2  
  69  5:38  SCV  
  71  5:43  Supply Depot  
  71  5:44  Supply Depot  
  71  5:45  SCV  
  71  5:46  Banshee  
  71  5:48  SCV  
  76  5:52  SCV  
  76  5:57  SCV  
  78  6:00  Cyclone  
  78  6:01  Cyclone  
  78  6:03  SCV, Unknown  
  78  6:04  SCV  
  88  6:08  Factory Tech Lab  
  88  6:09  SCV, Factory Tech Lab  
  89  6:14  Supply Depot  
  89  6:15  SCV, Supply Depot  
  89  6:16  SCV  
  91  6:21  SCV  
  92  6:27  SCV  
  92  6:28  Cyclone  
  92  6:30  Hellion x2  
  92  6:32  Cyclone  
  105  6:33  Cyclone  
  105  6:35  Cyclone  
  105  6:38  Supply Depot  
  105  6:39  SCV  
  102  6:54  Hellion x2  
  102  7:00  Cyclone  
  106  7:04  Cyclone  
  106  7:05  Cyclone  
  106  7:08  Cyclone  
  106  7:16  Orbital Command  
  106  7:19  SCV  
  91  7:24  Hellion  
  91  7:28  Hellion  
  87  7:32  Cyclone  
  88  7:37  Hellion  
  88  7:40  SCV  
  88  7:41  SCV  
  82  7:46  SCV  
  82  7:49  Hellion, Cyclone  
  82  7:52  SCV  
  82  7:53  SCV  
  82  7:55  Supply Depot  
  83  7:58  SCV  
  83  8:05  SCV x2  
  86  8:10  SCV  
  86  8:12  Factory Tech Lab x2  
  87  8:17  SCV x2  
  89  8:21  Cyclone x2  
  89  8:22  SCV  
  89  8:23  Terran Vehicle Weapons Level 1  
  98  8:29  SCV x2  
  98  8:32  Cyclone x2  
  108  8:34  SCV  
  108  8:41  SCV x2  
  108  8:47  SCV, Missile Turret  
  110  8:49  Missile Turret, Hellion x2  
  110  8:53  SCV x2, Cyclone  
  120  8:59  SCV, Unknown x5  
  121  9:03  Cyclone  
  121  9:05  SCV x2  
  121  9:06  Cyclone  
  131  9:11  SCV  
  131  9:13  Cyclone  
  131  9:14  Hellion  
  122  9:24  Unknown x3  
  122  9:25  Cyclone  
  101  9:35  Cyclone  
  93  9:38  Cyclone  
  93  9:44  SCV x2  
  80  9:54  Cyclone  
  80  9:55  Hellion  
  80  9:56  SCV  
  80  9:57  SCV, Cyclone  
  91  10:00  Hellion  
  85  10:08  SCV  
  85  10:09  SCV, Hellion  
  85  10:11  Hellion  
  68  10:19  Hellbat  
  68  10:20  SCV  
  68  10:21  SCV  
  72  10:32  SCV  
  72  10:33  SCV  
  55  10:44  SCV  
  55  10:45  SCV  
Show
View Real Time Build Order
Export as new Build Order

SortOf Zerg - Winner!

Build Orders: Hatch First 

Get SALT Encoding   

  12  0:01  Drone  
  13  0:13  Overlord  
  13  0:17  Drone  
  14  0:31  Drone x2  
  16  0:35  Drone  
  17  0:52  Unknown, Hatchery  
  17  0:55  Drone  
  17  1:00  Drone  
  18  1:06  Extractor  
  17  1:15  Spawning Pool  
  17  1:17  Drone  
  17  1:21  Drone  
  18  1:32  Drone  
  19  1:41  Overlord  
  19  1:50  Drone  
  20  2:02  Queen, Zergling x2  
  20  2:04  Queen, Unknown  
  20  2:05  Zergling x2  
  20  2:07  Metabolic Boost  
  26  2:11  Zergling x2  
  27  2:16  Drone  
  28  2:23  Drone  
  28  2:28  Overlord  
  29  2:33  Drone  
  30  2:37  Queen  
  32  2:45  Pneumatized Carapace  
  32  2:48  Drone x2  
  32  2:50  Drone  
  35  2:56  Drone  
  36  3:02  Drone  
  37  3:07  Drone  
  37  3:10  Overlord  
  38  3:13  Drone x2  
  38  3:16  Drone  
  38  3:17  Drone x3  
  44  3:30  Unknown, Hatchery  
  43  3:35  Drone  
  43  3:38  Evolution Chamber  
  43  3:41  Drone  
  44  3:44  Roach Warren  
  44  3:47  Queen  
  45  3:49  Drone  
  45  3:51  Drone  
  47  3:56  Drone x2  
  47  4:00  Lair  
  49  4:05  Drone x3  
  49  4:06  Extractor  
  51  4:12  Drone  
  51  4:13  Extractor, Overlord  
  50  4:19  Overlord  
  50  4:20  Drone  
  51  4:27  Zerg Ground Armor Level 1  
  51  4:30  Overlord  
  51  4:36  Roach  
  53  4:40  Spore Crawler, Queen  
  53  4:41  Spore Crawler, Drone x2  
  53  4:42  Unknown  
  53  4:44  Drone x2  
  57  4:47  Roach  
  57  4:52  Roach  
  61  4:53  Drone  
  61  4:56  Drone x2  
  61  4:57  Drone  
  61  4:58  Overseer  
  66  5:00  Drone  
  66  5:04  Drone x2  
  70  5:07  Roach  
  70  5:09  Glial Reconstitution  
  70  5:13  Drone x2  
  72  5:21  Drone x3  
  75  5:23  Overlord  
  75  5:24  Queen  
  75  5:28  Queen  
  79  5:33  Roach  
  79  5:34  Overlord  
  79  5:35  Overlord  
  81  5:39  Overlord  
  81  5:42  Overlord x2  
  81  5:48  Spore Crawler  
  82  5:50  Roach x3  
  82  5:54  Roach  
  82  5:55  Roach x2  
  92  6:05  Roach x6  
  92  6:07  Drone x2  
  106  6:13  Queen  
  106  6:17  Ravager x3  
  106  6:18  Ravager, Overlord  
  112  6:19  Drone x2  
  112  6:22  Roach  
  112  6:23  Zergling x2  
  112  6:24  Roach, Zergling x2  
  120  6:29  Roach  
  120  6:30  Roach  
  120  6:31  Zergling x6  
  120  6:32  Zergling x2  
  128  6:36  Extractor  
  128  6:39  Roach x3  
  131  6:49  Overlord x2  
  131  6:50  Overseer  
  131  7:05  Queen  
  131  7:06  Roach  
  128  7:09  Queen  
  128  7:10  Queen  
  123  7:18  Roach x6  
  123  7:20  Roach x2  
  131  7:25  Extractor, Drone  
  131  7:26  Drone x3  
  128  7:35  Extractor  
  128  7:36  Drone x2  
  122  7:38  Drone  
  122  7:40  Drone  
  122  7:44  Drone  
  112  7:48  Drone  
  97  7:56  Zerg Missile Weapons Level 1  
  97  7:57  Unknown, Hatchery  
  97  7:58  Queen x2  
  96  8:02  Roach x9  
  96  8:05  Overseer x3  
  116  8:09  Unknown, Hatchery  
  116  8:10  Roach x3  
  116  8:11  Zergling x2  
  122  8:18  Zergling x8  
  126  8:25  Infestation Pit, Ravager x2  
  127  8:27  Ravager, Zergling x2  
  127  8:28  Overlord, Zergling x2  
  127  8:29  Overlord  
  127  8:33  Overlord  
  130  8:46  Queen  
  130  8:47  Zergling x2  
  130  8:48  Zergling x16  
  141  8:50  Ravager x5  
  146  8:57  Zergling x4  
  146  9:01  Hive  
  147  9:08  Unknown  
  139  9:17  Zergling x4  
  139  9:18  Zergling x14  
  139  9:21  Unknown  
  131  9:28  Overlord  
  131  9:29  Zergling x12  
  129  9:31  Zergling x2  
  129  9:32  Zergling x2  
  117  9:41  Zergling x2  
  117  9:42  Zergling x10  
  113  9:52  Roach x3  
  106  10:03  Zergling x14  
  111  10:12  Queen, Hydralisk Den  
  111  10:13  Drone x4  
  115  10:15  Extractor  
  115  10:16  Drone x4  
  115  10:17  Drone  
  115  10:27  Extractor, Drone x3  
  117  10:35  Drone x3  
  106  10:43  Drone x9  
  106  10:47  Drone x2  
  106  10:48  Drone x2  
  111  10:51  Drone x3  
  116  11:02  Evolution Chamber  
Tags
 
Add a new tag
Caveats
  • Supply blocks, unpowered buildings, or Contaminate may cause inaccurate times.
  • Supply counts are checked every 10 seconds.